 Dungeon Crawl Stone Soup version 0.22-a0-469-gf26638a (webtiles) character file.

147 gmonis the Cudgeler (level 5, -2/46 HPs)
             Began as a Minotaur Berserker on June 13, 2018.
             Was a Priest of Trog.
             Slain by a gnoll (3 damage)
             ... on level 4 of the Dungeon.
             The game lasted 00:05:20 (2851 turns).

gmonis the Cudgeler (Minotaur Berserker)            Turns: 2851, Time: 00:05:21

Health: -2/46      AC:  2    Str: 22    XL:     5   Next: 8%
Magic:  4/4        EV: 12    Int:  4    God:    Trog [***...]
Gold:   91         SH:  0    Dex: 10    Spells: 4/4 levels left

rFire    . . .     SeeInvis .   a - +0 mace
rCold    . . .     Gourm    .   (no shield)
rNeg     . . .     Faith    .   b - +0 animal skin
rPois    .         Spirit   .   (helmet restricted)
rElec    .         Reflect  .   (no cloak)
rCorr    .         Harm     .   (no gloves)
MR       .....                  (no boots)
Stlth    +.........             (no amulet)
HPRegen  0.15/turn              (no ring)
MPRegen  0.09/turn              (no ring)

@: hasted, very quick
A: retaliatory headbutt, horns 2
a: Berserk, Trog's Hand, Renounce Religion


You were on level 4 of the Dungeon.
You worshipped Trog.
Trog was most pleased with you.
You were not hungry.

You visited 1 branch of the dungeon, and saw 4 of its levels.

You collected 91 gold pieces.

Inventory:

Hand Weapons
 a - a +0 mace (weapon)
Missiles
 f - 95 stones (quivered)
Armour
 b - a +0 animal skin (worn)
Jewellery
 m - an uncursed amulet of rage {unknown}
Scrolls
 d - 4 scrolls of identify {unknown}
 g - a scroll of blinking {unknown}
 i - a scroll of enchant weapon {unknown}
 k - a scroll of enchant armour {unknown}
 l - a scroll of remove curse {unknown}
 o - a scroll of teleportation {unknown}
 r - a scroll of random uselessness {unknown}
Potions
 h - a potion of degeneration {unknown}
 j - a potion of lignification {unknown}
 n - a potion of brilliance {unknown}
 p - a potion of mutation {unknown}
 q - a potion of curing {unknown}
Comestibles
 c - 10 rations
 s - a chunk of flesh


   Skills:
 - Level 3.8 Fighting
 + Level 6.8 Maces & Flails
 - Level 2.5 Armour
 - Level 2.2 Dodging


You had 4 spell levels left.
You didn't know any spells.
Your spell library was empty.

Dungeon Overview and Level Annotations

Branches:
Dungeon (4/15)
 Temple: D:4-7

Altars:
Dithmenos


Innate Abilities, Weirdness & Mutations

You reflexively headbutt those who attack you in melee.
You have a pair of horns on your head.


Message History

The gnoll hits you from afar with a spear!
You hit the gnoll but do no damage.
The gnoll is severely wounded.
The gnoll barely misses you. You furiously retaliate!
You headbutt the gnoll, but do no damage.
The gnoll closely misses you. The gnoll barely misses you.
The gnoll misses you.
You hit the gnoll.
You kill the gnoll!
Trog accepts your kill.
The gnoll hits you from afar with a spear!
The gnoll hits you.
* * * LOW HITPOINT WARNING * * *
The gnoll hits you.
* * * LOW HITPOINT WARNING * * *
It was a potion of haste.
You feel yourself speed up.
The gnoll hits you from afar with a spear.
* * * LOW HITPOINT WARNING * * *
The gnoll hits you but does no damage. The gnoll hits you.
You die...

#.## ###... .. .># #.#
#. ... ##.## #. #.#
#...# #. #.# #...# #.
#.#####.# #...##
..[###.##.......####.##.
.....g†@....#####.......
......gg................
............#####.##.#..
....##.##...# #.##.##.
..# #. ##..# #.##.##. .
## #..# #.##.##. ...#
#.##.##. ##.## #.......
.. ####.###


You could see 3 gnolls.

Vanquished Creatures
  5 adders
  A gnoll (D:4)
  An ooze (D:2)
  2 worms (D:2)
  3 dart slugs
  5 leopard geckos
  An orc (D:3)
  5 bats
  3 giant cockroaches
  6 goblins
  7 hobgoblins
  4 jackals
  12 kobolds
  2 quokkas
  6 frilled lizards
  8 rats
71 creatures vanquished.

Notes
Turn   | Place    | Note
-------+----------+-------------------------------------------
     0 | D:1      | gmonis the Minotaur Berserker began the quest for the Orb.
     0 | D:1      | Reached XP level 1. HP: 19/19 MP: 0/0
   284 | D:1      | Reached skill level 4 in Maces & Flails
   284 | D:1      | Reached XP level 2. HP: 27/27 MP: 1/1
   802 | D:2      | Reached XP level 3. HP: 33/33 MP: 2/2
   811 | D:2      | Reached ** piety under Trog
   811 | D:2      | Reached skill level 5 in Maces & Flails
  1280 | D:2      | Reached XP level 4. HP: 36/40 MP: 3/3
  1286 | D:2      | Reached skill level 6 in Maces & Flails
  2053 | D:3      | Found a shadowy altar of Dithmenos.
  2441 | D:3      | Reached *** piety under Trog
  2721 | D:4      | Reached XP level 5. HP: 42/46 MP: 4/4
  2851 | D:4      | HP: 1/46 [gnoll/spear (4)]
  2851 | D:4      | Slain by a gnoll

Vault maps used:
D:1:      lemuel_arrival_hallway
D:2:      first_ration
D:3:      grunt_dithmenos_smoke_and_mirrors, corexii_hall_statues_x,
          wad_floor_pattern_untrapped
D:4:      uniq_eustachio

Skill      XL: |  1  2  3  4 |
---------------+-------------+-----
Maces & Flails | 4 5 6 |  6.8
Fighting       | |  3.8
Armour         | |  2.5
Dodging        | |  2.2

Action                   |  1- 3 |  4- 6 || total
-------------------------+-------+-------++-------
Melee: Mace              |    81 |    64 ||   145
       Headbutt          |    13 |     8 ||    21
  Use: Potion            |       |     1 ||     1
 Stab: Sleeping          |     2 |     1 ||     3
       Distracted        |       |     1 ||     1
  Eat: Chunk             |     1 |     5 ||     6
Armor: Animal skin       |     9 |     8 ||    17
Dodge: Dodged            |    70 |    34 ||   104

Table legend:
 A = Spawn XP
 B = Non-spawn XP
 C = Spawn XP percentage of total XP
 D = Spawn monster count
 E = Non-spawn monster count
 F = Spawn count percentage of total count
 G = Total turns spent on level
                    A         B        C        D         E        F      G
               +---------+---------+-------+---------+---------+-------+---------
         Total |       0 |     211 |   0.0 |       0 |      71 |   0.0 |  2851
               +---------+---------+-------+---------+---------+-------+---------
           D:1 |       0 |      36 |   0.0 |       0 |      18 |   0.0 |   949
           D:2 |       0 |     107 |   0.0 |       0 |      35 |   0.0 |   936
           D:3 |       0 |      49 |   0.0 |       0 |      15 |   0.0 |   781
           D:4 |       0 |      19 |   0.0 |       0 |       3 |   0.0 |   185
               +---------+---------+-------+---------+---------+-------+---------
